 Dungeon Crawl Stone Soup version 0.30.1-4-g462c640d31 (webtiles) character file.

Game seed: 13818252159821506367

77 MrPagan1517 the Trooper (level 4, -7/41 HPs)
             Began as a Hill Orc Fighter on Sept 19, 2023.
             Mangled by an iguana (8 damage)
             ... on level 4 of the Dungeon.
             The game lasted 00:03:14 (2325 turns).

MrPagan1517 the Trooper (Hill Orc Fighter)          Turns: 2325, Time: 00:03:15

Health: -7/41      AC:  7    Str: 20    XL:     4   Next: 33%
Magic:  4/4        EV:  9    Int:  8    God:
Gold:   172        SH:  4    Dex: 10    Spells: 3/3 levels left

rFire   . . .        a - +0 war axe
rCold   . . .        c - +0 buckler
rNeg    . . .        b - +1 scale mail
rPois   +            (no helmet)
rElec   .            (no cloak)
rCorr   .            (no gloves)
SInv    .            (no boots)
Will    .....        (no amulet) Stlth
                     g - ring of poison resistance
HPRegen 0.26/turn    (no ring)
MPRegen 0.09/turn

%: no passive effects
@: no status effects
A: no striking features
a: no special abilities


You were on level 4 of the Dungeon.
You visited 1 branch of the dungeon, and saw 4 of its levels.

You collected 172 gold pieces.

Inventory:

Hand Weapons
 a - a +0 war axe (weapon)
Armour
 b - a +1 scale mail (worn)
 c - a +0 buckler (worn)
Jewellery
 g - a ring of poison resistance (left hand)
Wands
 e - a wand of iceblast (13)
Scrolls
 f - 2 scrolls of teleportation
Potions
 d - 2 potions of might
 h - a potion of haste {unknown}
 i - a potion of resistance
 j - a potion of magic {unknown}
 k - a potion of invisibility {unknown}
 l - a potion of cancellation
 m - a potion of berserk rage {unknown}


   Skills:
 + Level 4.5 Fighting
 + Level 4.4 Axes
 + Level 3.5 Armour
 + Level 3.7 Shields


You had 3 spell levels left.
You didn't know any spells.
Your spell library was empty.

Dungeon Overview and Level Annotations

Branches:
Dungeon (4/15)
 Temple: D:4-7

Altars:
Gozag
Qazlal
Wu Jian

Annotations:
D:3 2 transporters


Message History

A goblin comes into view. It is wielding a +0 club.
The iguana bites you!
The goblin shouts!
You hit the iguana but do no damage.
The iguana is lightly wounded.
The iguana bites you!
The iguana bites you but does no damage.
You are too injured to fight recklessly!
There are monsters nearby!
You are too injured to fight recklessly!
You are too injured to fight recklessly!
You are too injured to fight recklessly!
You are too injured to fight recklessly!
You are too injured to fight recklessly!
You are too injured to fight recklessly!
You are too injured to fight recklessly!
You are too injured to fight recklessly!
You are too injured to fight recklessly!
You are too injured to fight recklessly!
You are too injured to fight recklessly!
You are too injured to fight recklessly!
You are too injured to fight recklessly!
You are too injured to fight recklessly!
You are too injured to fight recklessly!
You are too injured to fight recklessly!
You are too injured to fight recklessly!
You are too injured to fight recklessly!
You are too injured to fight recklessly!
You slash the iguana!
The iguana is severely wounded.
The iguana bites you!
* * * LOW HITPOINT WARNING * * *
You closely miss the iguana.
The iguana is severely wounded.
The iguana bites you!
* * * LOW HITPOINT WARNING * * *
You closely miss the iguana.
The iguana is severely wounded.
The iguana bites you!
You die...

### #...
#####..# #.....#
#.....# ##.l...#
#.@#
########..##
#..........#
#..........#
#..............
#.............#
#<..........#.#
###########.#..#
.# .#


You could see an iguana.

Vanquished Creatures
  3 adders
  A worm (D:2)
  A dart slug (D:2)
  2 orcs (D:3)
  4 bats
  2 endoplasms
  2 giant cockroaches
  A goblin (D:3)
  8 hobgoblins
  2 jackals (D:1)
  4 kobolds
  3 ball pythons
  A frilled lizard (D:3)
  6 rats
40 creatures vanquished.

Notes
Turn   | Place    | Note
-------+----------+-------------------------------------------
     0 | D:1      | MrPagan1517 the Hill Orc Fighter began the quest for the
                  | Orb.
     0 | D:1      | Reached XP level 1. HP: 19/19 MP: 1/1
   123 | D:1      | Reached XP level 2. HP: 25/27 MP: 2/2
   692 | D:2      | Found an ornate altar of the Wu Jian Council.
   719 | D:2      | Reached XP level 3. HP: 18/33 MP: 3/3
  1367 | D:3      | Reached XP level 4. HP: 32/41 MP: 4/4
  1382 | D:3      | Found an opulent altar of Gozag.
  1413 | D:3      | Found a transporter.
  1470 | D:3      | Found a stormy altar of Qazlal.
  1616 | D:3      | Found a transporter.
  2324 | D:4      | HP: 1/41 [iguana (7)]
  2325 | D:4      | Mangled by an iguana

Illustrated notes

Levels and vault maps discovered:
D:1:      tarquinn_simple_flora_water_b, layout_rooms
D:2:      layout_basic, basic_altar, minmay_crystal_water
D:3:      gammafunk_steamed_eel, layout_loops_ring,
          mainiacjoe_overflow_concentric_impassable,
          mainiacjoe_overflow_six_doors_small, chequers_serial_rivers_micro_e,
          minmay_misc_feat_hallway, chequers_big_river
D:4:      layout_rooms, zin_scriptorium, nemelex_xobeh_ov_fountains_minmay,
          serial_shops, shop, minmay_crossroads

Skill      XL: |  1  2  3 |
---------------+----------+-----
Axes           | 3 4 |  4.4
Fighting       | 4 |  4.5
Armour         | |  3.5
Shields        | |  3.7

Action                     |  1- 3 |  4- 6 || total
---------------------------+-------+-------++-------
  Melee: War axe           |    87 |    28 ||   115
    Use: Scroll            |       |     6 ||     6
 Armour: Scale mail        |    62 |     8 ||    70
  Dodge: Dodged            |    48 |    11 ||    59
  Block: Buckler           |    24 |     4 ||    28
